AoeStats
← TW_Jerry YT @TW-aoe2noobs

Arena

508436239Analyzed
4v4 RM · 10d ago on Sep 22, 2026· 49m 0s· 8 players
Game mode
Random Map
Map size
Large (8 player)
Population
200
Speed
Normal
Resources
Standard
Victory
Conquest
Starting age
Dark Age
Ending age
Imperial Age
RankedLock teamsTeams togetherTeam positionsShared explorationLock speedFull tech treeHidden civsTurbo modeCheats
Victory
Defeat
🇹🇼 Teutons · Taiwan
1470
+16
🇹🇼 Berbers · Taiwan
1445
+17
🇨🇳 Turks · China
1440
+17
🇹🇼 Khmer · Taiwan
1411
+18
🇹🇼 Celts · Taiwan
1632
-22
🇹🇼 Spanish · Taiwan
1535
-20
🇹🇼 Jurchens · Taiwan
1429
-16
1273
-10
經典永不退流行
10:36 Feudal Age
12:31 Loom
14:56 Castle Age
13:09 Double-Bit Axe
13:33 Horse Collar
17:02 Wheelbarrow
20:35 Wheelbarrow
22:48 Fletching
25:22 Bow Saw
30:14 Imperial Age
28:31 Bodkin Arrow
29:11 Padded Archer Armor
29:50 Forging
29:38 Gold Mining
30:14 Leather Archer Armor
30:25 Ballistics
30:29 Bloodlines
30:19 Husbandry
31:11 Hand Cart
32:27 Chemistry
32:12 Conscription
32:17 Heavy Camel Rider
33:06 Kasbah
33:20 Heavy Plow
33:09 Light Cavalry
34:05 Bracer
35:16 Iron Casting
34:48 Scale Barding Armor
36:01 Ring Archer Armor
37:41 Stone Mining
38:27 Gold Shaft Mining
38:30 Chain Barding Armor
39:48 Crop Rotation
38:49 Elite Camel Archer
39:29 Maghrebi Camels
40:27 Hoardings
41:04 Hussar
43:28 Plate Barding Armor
44:43 Blast Furnace
46:40 Caravan
47:11 Coinage
47:18 Stone Shaft Mining
47:17 Thumb Ring
soundness27
10:06 Feudal Age
13:40 Castle Age
11:58 Double-Bit Axe
11:56 Horse Collar
20:55 Loom
21:48 Bow Saw
22:16 Heavy Plow
23:15 Wheelbarrow
24:35 Gold Mining
24:34 Town Watch
27:43 Scale Barding Armor
28:09 Husbandry
32:49 Imperial Age
30:49 Chain Barding Armor
31:53 Forging
32:58 Town Patrol
33:13 Hand Cart
33:26 Bloodlines
33:56 Iron Casting
33:24 Tusk Swords
32:50 Light Cavalry
32:52 Elite Battle Elephant
35:13 Plate Barding Armor
36:22 Gold Shaft Mining
38:22 Blast Furnace
38:48 Coinage
47:27 Banking
芝麻開門
6:28 Loom
8:52 Feudal Age
9:32 Double-Bit Axe
14:05 Fletching
19:40 Wheelbarrow
27:17 Castle Age
25:44 Scale Mail Armor
25:54 Forging
27:38 Pikeman
28:18 Squires
28:35 Horse Collar
29:26 Chain Mail Armor
29:46 Iron Casting
29:25 Bow Saw
33:34 Hand Cart
34:41 Bloodlines
35:21 Scale Barding Armor
36:56 Chain Barding Armor
41:26 Imperial Age
39:38 Fortified Wall
39:49 Ballistics
43:21 Chemistry
43:23 Conscription
48:11 Halberdier
48:37 Gambesons
48:37 Arson
48:55 Man-at-Arms
NorthOrigin
10:31 Feudal Age
14:04 Castle Age
11:59 Double-Bit Axe
12:32 Horse Collar
15:08 Bow Saw
16:36 Loom
19:13 Town Watch
34:03 Imperial Age
31:35 Fletching
32:51 Wheelbarrow
32:50 Bodkin Arrow
33:56 Ballistics
34:09 Sipahi
34:21 Thumb Ring
34:18 Gold Mining
35:17 Parthian Tactics
35:14 Husbandry
35:41 Bracer
36:03 Conscription
36:35 Padded Archer Armor
36:49 Bloodlines
38:50 Heavy Cavalry Archer
39:11 Capped Ram
41:34 Heavy Plow
42:25 Gold Shaft Mining
45:47 Leather Archer Armor
45:32 Siege Ram
47:32 Coinage
48:16 Ring Archer Armor
虞小梅
10:30 Feudal Age
13:34 Double-Bit Axe
16:03 Castle Age
14:06 Gold Mining
16:01 Horse Collar
17:22 Padded Archer Armor
21:59 Siege Engineers
24:11 Loom
26:03 Gold Shaft Mining
29:57 Bow Saw
30:50 Wheelbarrow
32:36 Heavy Plow
37:33 Hand Cart
37:30 Stone Mining
39:43 Stone Shaft Mining
42:36 Imperial Age
40:35 Fortified Wall
40:07 Treadmill Crane
40:47 Ballistics
40:38 Masonry
TW_Jerry YT @TW-aoe2noobs
11:02 Feudal Age
14:36 Castle Age
12:28 Double-Bit Axe
13:19 Horse Collar
15:36 Bow Saw
15:28 Heavy Plow
18:07 Scale Barding Armor
24:45 Loom
25:37 Wheelbarrow
25:01 Gold Mining
26:46 Gold Shaft Mining
29:46 Imperial Age
28:01 Hand Cart
27:47 Scale Mail Armor
28:41 Pikeman
29:37 Chain Mail Armor
29:33 Forging
29:51 Heavy Scorpion
31:33 Chemistry
30:11 Capped Ram
31:25 Halberdier
33:16 Furor Celtica
34:03 Siege Engineers
34:49 Plate Mail Armor
36:10 Ballistics
37:56 Siege Ram
40:09 Iron Casting
39:51 Elite Woad Raider
41:58 Blast Furnace
43:55 Fletching
44:17 Masonry
43:48 Treadmill Crane
44:31 Conscription
44:45 Onager
46:13 Hoardings
46:47 Guilds
46:47 Bodkin Arrow
TW_andy.fet
10:04 Feudal Age
11:15 Loom
16:09 Castle Age
30:05 Double-Bit Axe
36:37 Caravan
40:16 Wheelbarrow
40:36 Gold Mining
42:23 Fortified Wall
45:29 Hand Cart
48:47 Padded Archer Armor
48:37 Fletching
無處安放的驚慌失措
10:45 Feudal Age
14:47 Castle Age
12:42 Double-Bit Axe
12:42 Horse Collar
16:11 Bow Saw
24:15 Wheelbarrow
28:54 Imperial Age
26:10 Loom
27:02 Scale Barding Armor
27:21 Scale Mail Armor
27:32 Forging
28:28 Bloodlines
29:03 Chain Barding Armor
29:22 Sanctity
28:27 Pikeman
30:12 Iron Casting
29:30 Cavalier
30:48 Chain Mail Armor
31:00 Husbandry
32:19 Chemistry
32:13 Conscription
33:07 Hoardings
32:49 Squires
33:30 Halberdier
35:04 Tower Shields
35:40 Hoardings
38:18 Plate Barding Armor
41:32 Hand Cart
41:34 Elite Skirmisher
42:06 Fletching
42:44 Padded Archer Armor
44:10 Leather Archer Armor
46:24 Illumination
46:23 Light Cavalry
49:11 Bodkin Arrow
49:46 Ring Archer Armor
Connection lost

Rejoining the realm…

Still unreachable

The connection could not be restored.

Session expired

The server has moved on; the page needs a fresh start.